 Dungeon Crawl Stone Soup version 0.28-a0-1080-g05a166d0ed (webtiles) character file.

Game seed: 558387074286095280

4183 tilp the Frost Mage (level 10, -3/42 HPs)
             Began as a Felid Ice Elementalist on Dec 9, 2021.
             Was an Elder of Ru.
             Killed by divine providence
             ... invoked by an orc priest
              (14 damage)
             ... on level 11 of the Dungeon.
             The game lasted 00:30:03 (17421 turns).

tilp the Frost Mage (Felid Ice Elementalist)       Turns: 17421, Time: 00:30:04

Health: -3/42      AC:  2    Str:  4    XL:     10   Next: 8%
Magic:  16/20      EV: 20    Int: 27    God:    Ru [****..]
Gold:   1243       SH:  0    Dex: 17    Spells: 7/21 levels left
                                        Lives:  0   Deaths: 2

rFire   . . .      SeeInvis +     - Unarmed
rCold   + . .      Faith    +   (shield unavailable)
rNeg    . . .      Spirit   .   (armour unavailable)
rPois   .          Reflect  .   (helmet unavailable)
rElec   .          Harm     .   (cloak unavailable)
rCorr   .          Rampage  .   (gloves unavailable)
Will    +....                   (boots unavailable)
Stlth   ++++......              f - amulet of faith
HPRegen 0.14/turn               r - ring of protection from cold
MPRegen 0.17/turn               u - +6 ring of intelligence

@: quick
A: very small, claws 1, fangs 3, see invisible, speed 1, shaggy fur 2, inability
to use devices, hated by all, cowardly, stealthy paws, no weapons or thrown
items, no armour, multi-lived
a: Renounce Religion, Draw Out Power, Power Leap


You were on level 11 of the Dungeon.
You worshipped Ru.
Ru was greatly pleased with you.
You visited 2 branches of the dungeon, and saw 13 of its levels.
You also visited: Sewer.

You collected 1243 gold pieces.

Inventory:

Jewellery
 a - an amulet of guardian spirit
 f - an amulet of faith (around neck)
 r - a ring of protection from cold (left paw)
 s - a ring of magical power
 u - a +6 ring of intelligence (right paw)
Scrolls
 d - 4 scrolls of teleportation
 e - 2 scrolls of fear
 j - a scroll of blinking
 k - 2 scrolls of amnesia
 p - 2 scrolls of identify
Potions
 b - a potion of heal wounds
 c - 2 potions of magic
 g - a potion of resistance
 h - 3 potions of haste
 i - 2 potions of might
 l - 5 potions of cancellation
 m - 4 potions of mutation
 n - 2 potions of brilliance
 o - 2 potions of berserk rage
 q - 2 potions of flight
 t - a potion of attraction


   Skills:
 - Level 4.0 Fighting
 - Level 6.0 Dodging
 - Level 8.0 Stealth
 - Level 6.0 Unarmed Combat
 - Level 6.0 Spellcasting
 + Level 9.4 Conjurations
 - Level 6.0 Hexes
 + Level 9.4 Ice Magic


You had 7 spell levels left.
You knew the following spells:

 Your Spells              Type           Power      Damage    Failure   Level
a - Freeze                Ice            100%       1d11      1%          1
b - Frozen Ramparts       Ice            100%       1d12      1%          3
c - Ozocubu's Armour      Ice            56%        N/A       1%          3
d - Hailstorm             Conj/Ice       56%        3d12      1%          4
e - Dazzling Flash        Conj/Hex       98%        N/A       1%          3

Your spell library contained the following spells:

 Spells                   Type           Power      Damage    Failure   Level
 Pain                     Necr           32%        1d5       6%          1
 Vampiric Draining        Necr           8%         2d6       19%         3
 Silence                  Hex/Air        12%        N/A       45%         5
 Agony                    Necr           8%         N/A       87%         5
 Animate Skeleton         Necr           Unusable   N/A       N/A         1

Dungeon Overview and Level Annotations

Branches:
Dungeon (12/15)            Temple (1/1) D:6            Lair (0/6) D:10
    Orc (0/2) D:10          Sewer (visited)

Altars:
Ashenzari
Cheibriados
Dithmenos
Elyvilon
Fedhas
Gozag
Hepliaklqana
Kikubaaqudgha
Makhleb
Nemelex Xobeh
Okawaru
Qazlal
Ru
Sif Muna
Trog
Uskayaw
Vehumet
Wu Jian
Xom
Yredelemnul
Zin
The Shining One

Annotations:
D:8 exclusion: 3 doors


Innate Abilities, Weirdness & Mutations

You have sharp claws.
You have razor-sharp teeth.
You have supernaturally acute eyesight. (SInv)
You cover ground quickly. (Speed+)
You are covered in thick fur. (AC +2)
You cannot study or use magical devices.
You are hated by all.
Your cowardice makes you less effective in combat with threatening foes.
Your paws help you pounce on unaware monsters.
You are incapable of wielding weapons or throwing items.
You cannot wear armour.
You gain extra lives every three experience levels.


Message History

You climb upwards.
There is a stone staircase leading down here.
You start resting.
HP restored.
You start resting.
Magic restored.
You climb downwards.
The orc warrior hits you with a +0 long sword!
The orc priest calls down the wrath of Beogh upon you.
Beogh smites you!
* * * LOW HITPOINT WARNING * * *
You focus your inner power and blind the orc priest in retribution!
The orc warrior hits you with a +0 long sword!
* * * LOW HITPOINT WARNING * * *
There is a stone staircase leading up, spattered with blood here.
Unknown command.
You feel much better.
The orc warrior hits you with a +0 long sword.
* * * LOW HITPOINT WARNING * * *
Unknown command.
Casting: Hailstorm (dangerous; 1% risk of failure)
Confirm with . or Enter, or press ? or * to list all spells.
Casting: Hailstorm (dangerous; 1% risk of failure)
Press: ? - help, Dir - look around, f - activate A cannonade of hail descends around you!
The hail pelts the orc warrior.
The orc warrior is lightly wounded.
The hail pelts the orc priest!!
You kill the orc priest!
The hail pelts the orc priest!
The orc priest is almost dead.
The orc priest begins to pray, but is stunned by your conviction!
The orc is stunned by your conviction and fails to attack.
Unknown command.
Unknown command.
The orc warrior completely misses you.
The orc priest casts a cantrip, but nothing happens.
The orc priest mumbles some strange prayers to Beogh against you.
Beogh smites you!
You die...

*,*****,* *,* *,,,,
*,*,,,,,* *.## *,,,,
******+** *..# ***+*
*,,* *#.# *,* *,** #.#
*,* **,* #.# *,* *,,*
#.# *,* *****,****
###.###### *,*
,,,,,,,,,* #.@<.....#
**,* ,,,,,,,,,*
#.o......##*****,^,
,,,,,,,,,*
#o.........,,,,,,**
,,,,,,,,,***
#........##*****,*
,,,,,,,,,,,** #..)o....#
*,,*
,,,,,,,,,#..###...[....#
*,**
**********#...[......[.#
*,* #####.!..(...# *,*
#........# *,*


You could see an orc warrior, an orc priest and an orc.

Vanquished Creatures
  2 two-headed ogres
  A manticore (D:11)
  A centaur zombie (D:11)
  A komodo dragon (D:10)
  An unseen horror (D:10)
  3 hornets (D:9)
  2 trolls
  2 wyverns
  17 yaks
  2 hogs (D:9)
  A wraith (D:8)
  A human (D:9)
  4 steam dragons
  A vampire mosquito (D:10)
  Duvessa (D:5)
  4 water moccasins
  4 black bears
  An ice beast (D:8)
  4 orc warriors (D:10)
  2 sky beasts
  2 ogres
  2 necrophages
  5 centaurs
  5 kobold brigands
  2 bullfrogs
  A gnoll sergeant (D:7)
  A water moccasin zombie (D:6)
  6 scorpions
  Dowan (D:5)
  A water moccasin skeleton (D:5)
  6 killer bees (D:8)
  3 howler monkeys (D:10)
  2 hounds
  7 orc priests
  4 jellies
  A bullfrog skeleton (D:7)
  11 orc wizards
  2 iguanas
  A hound skeleton (D:4)
  3 howler monkey zombies
  Robin (D:4)
  3 gnolls (D:7)
  6 river rats (Sewer)
  7 adders
  A shadow imp (D:6)
  2 white imps (D:7)
  An adder skeleton (D:3)
  2 worms
  32 orcs
  3 endoplasms
  3 giant cockroaches
  16 goblins
  6 hobgoblins
  30 kobolds
  6 quokkas
  15 ball pythons
  6 bats
  26 rats
287 creatures vanquished.

Vanquished Creatures (others)
  An orc (D:7)
  56 fungi (D:10)
  54 plants (D:10)
  4 toadstools (D:1)
115 creatures vanquished.

Grand Total: 402 creatures vanquished

Notes
Turn   | Place    | Note
-------+----------+-------------------------------------------
     0 | D:1      | tilp the Felid Ice Elementalist began the quest for the
                  | Orb.
     0 | D:1      | Reached XP level 1. HP: 7/7 MP: 4/4
    87 | D:1      | Reached skill level 1 in Unarmed Combat
   171 | D:1      | Found a faded altar of an unknown god.
   175 | D:1      | Reached XP level 2. HP: 11/11 MP: 4/6
   884 | D:1      | Identified a scroll of acquirement
   884 | D:1      | Acquired 610 gold pieces
  1150 | D:2      | Reached XP level 3. HP: 14/14 MP: 5/7
  1156 | D:2      | Learned a level 3 spell: Frozen Ramparts
  2247 | D:3      | Noticed a water moccasin
  2256 | D:3      | Killed a water moccasin
  2257 | D:3      | Reached XP level 4. HP: 14/18 MP: 0/9
  2257 | D:3      | Reached XP level 5. HP: 16/21 MP: 0/10
  2280 | D:3      | Reached skill level 5 in Ice Magic
  2365 | D:3      | Found a glowing drain.
  2376 | D:3      | Learned a level 3 spell: Ozocubu's Armour
  2406 | Sewer    | Entered a sewer
  2995 | Sewer    | Gained mutation: You are covered in thick fur. (AC +2)
                  | [Felid growth]
  2995 | Sewer    | Reached XP level 6. HP: 24/24 MP: 8/12
  4195 | D:3      | Reached XP level 7. HP: 23/28 MP: 7/14
  4510 | D:4      | Reached skill level 1 in Fighting
  4693 | D:4      | Found a shimmering altar of Xom.
  5028 | D:4      | Noticed Robin
  5052 | D:4      | Killed Robin
  5331 | D:4      | Learned a level 4 spell: Hailstorm
  5656 | D:4      | Found a stormy altar of Qazlal.
  5659 | D:4      | Noticed a steam dragon
  5675 | D:4      | Killed a steam dragon
  5676 | D:4      | Reached skill level 5 in Stealth
  5938 | D:5      | Entered Level 5 of the Dungeon
  5970 | D:5      | Reached XP level 8. HP: 33/33 MP: 15/15
  6101 | D:5      | Reached skill level 1 in Conjurations
  6180 | D:5      | Found a shimmering blue altar of Sif Muna.
  6788 | D:5      | Noticed Duvessa
  6788 | D:5      | Noticed Dowan
  6795 | D:5      | Killed Duvessa
  6795 | D:5      | Killed Dowan
  7549 | D:6      | Found a staircase to the Ecumenical Temple.
  7635 | Temple   | Entered the Ecumenical Temple
  7740 | Temple   | Became a worshipper of Ru the Awakened
  7845 | D:6      | Reached skill level 5 in Spellcasting
  8551 | D:7      | Found an opulent altar of Gozag.
  8565 | D:7      | Reached XP level 9. HP: 28/36 MP: 10/17
  8894 | D:7      | Reached skill level 5 in Conjurations
  9013 | D:7      | Found a broken altar of Ashenzari.
  9632 | D:7      | Gained mutation: Your cowardice makes you less effective in
                  | combat with threatening foes. [Ru sacrifice]
  9632 | D:7      | Reached * piety under Ru
 10376 | D:7      | Learned a level 3 spell: Dazzling Flash
 10401 | D:8      | Reached skill level 1 in Hexes
 11248 | D:8      | Found a snail-covered altar of Cheibriados.
 11368 | D:8      | Reached XP level 10. HP: 39/40 MP: 17/20
 11571 | D:8      | Found a hide-covered altar of Uskayaw.
 11571 | D:8      | Noticed a +0 hand axe
 11650 | D:8      | Noticed a +0 hand axe
 12362 | D:9      | Noticed a two-headed ogre
 12385 | D:9      | Killed a two-headed ogre
 12895 | D:9      | Identified the +3 spear "Upputicyb" {speed, Fly rC- rN++
                  | rCorr}
 13110 | D:9      | Reached skill level 5 in Unarmed Combat
 13115 | D:9      | Reached skill level 5 in Dodging
 13354 | D:9      | Gained mutation: You cannot study or use magical devices.
                  | [Ru sacrifice]
 13354 | D:9      | Reached ** piety under Ru
 13354 | D:9      | Reached *** piety under Ru
 13639 | D:9      | Reached XP level 11. HP: 30/46 MP: 9/21
 14089 | D:10     | Entered Level 10 of the Dungeon
 14210 | D:10     | You fall into a shaft and drop 2 floors!
 14210 | D:12     | Noticed a seven-headed hydra
 14217 | D:12     | Noticed a seven-headed hydra
 14220 | D:12     | Slain by a seven-headed hydra
 14221 | D:12     | Reached XP level 10. HP: 0/42 MP: 16/20
 14239 | D:11     | Noticed a manticore
 14252 | D:11     | HP: 2/42 [manticore (8)]
 14253 | D:11     | Killed a manticore
 14254 | D:11     | Reached skill level 5 in Hexes
 15922 | D:10     | Found a staircase to the Lair.
 16234 | D:10     | Noticed a two-headed ogre
 16243 | D:10     | Gained mutation: You are hated by all. [Ru sacrifice]
 16243 | D:10     | Reached **** piety under Ru
 16257 | D:10     | Killed a two-headed ogre
 16258 | D:10     | Reached XP level 11. HP: 31/46 MP: 2/21
 16434 | D:10     | Found a staircase to the Orcish Mines.
 16470 | D:10     | Killed from afar by a vampire
 16471 | D:10     | Reached XP level 10. HP: 0/42 MP: 12/20
 17196 | D:10     | Found a radiant altar of Vehumet.
 17415 | D:11     | HP: 1/42 [orc warrior (12)]
 17421 | D:11     | Killed from afar by an orc priest

Illustrated notes

Levels and vault maps discovered:
D:1:      ldierk_water_garden, layout_loops_ring,
          nicolae_ecumenical_snake_handling
D:2:      layout_basic
D:3:      layout_rooms, portal_sewer_entry_d
D:4:      layout_basic, nicolae_overflow_crystal_walls,
          nicolae_qazlal_general_emergency, uniq_robin
D:5:      layout_basic, mainiacjoe_overflow_alcove_1, uniq_duvessa
D:6:      layout_loops_corners, temple_fountains
D:7:      layout_basic, nicolae_gozag_seed_capital,
          nicolae_ashenzari_panopticon, kennysheep_generic_room_5
D:8:      minmay_bubble_buster, layout_basic, cheibrodos_worm_habitat,
          dancing_weapons_uskayaw
D:9:      layout_basic, grunt_livestock
D:10:     layout_rooms, pf_just_have_faith, nicolae_hepliaklqana_hazy_memory,
          due_lair_maze_entry_diamond, orc_david_3, roderic_malta_cross,
          st_stairs_2
D:11:     layout_roguey, uniq_snorg
D:12:     layout_cross
Temple:   dshaligram_water_room_temple

Skill      XL: |  1  2  3  4  5  6  7  8  9 10 |
---------------+-------------------------------+-----
Unarmed Combat | 1 2 4 6 |  6.0
Ice Magic      | 4 5 6 7 9 |  9.4
Spellcasting   | 3 4 5 6 |  6.0
Dodging        | 3 4 6 |  6.0
Stealth        | 3 6 8 |  8.0
Fighting       | 2 4 |  4.0
Conjurations   | 4 7 9 |  9.4
Hexes          | 3 6 |  6.0

Action                   |  1- 3 |  4- 6 |  7- 9 | 10-12 || total
-------------------------+-------+-------+-------+-------++-------
Melee: Unarmed           |    25 |    59 |   107 |   152 ||   343
       Bite              |       |     8 |     6 |    16 ||    30
       Punch             |       |     1 |       |     4 ||     5
 Cast: Freeze            |    40 |    21 |    55 |    27 ||   143
       Frozen Ramparts   |     4 |    18 |    33 |    40 ||    95
       Ozocubu's Armour  |       |    10 |    32 |    26 ||    68
       Hailstorm         |       |       |    15 |    51 ||    66
Invok: Sacrifice Courage |       |       |     1 |       ||     1
       Draw Out Power    |       |       |       |     1 ||     1
       Power Leap        |       |       |       |     1 ||     1
       Sacrifice Artific |       |       |       |     1 ||     1
       Sacrifice Love    |       |       |       |     1 ||     1
  Use: Scroll            |     5 |     5 |     9 |     6 ||    25
       Potion            |     1 |     3 |     1 |     1 ||     6
 Stab: Sleeping          |     8 |     2 |    13 |     5 ||    28
Armor: Skin              |     3 |    12 |    30 |    39 ||    84
Dodge: Dodged            |    39 |    53 |   114 |   162 ||   368

Table legend: (Time is in decaauts)
 A = Elapsed time spent in this place.
 B = Non-inter-level travel time spent in this place.
 C = Inter-level travel time spent in this place.
 D = Time resting spent in this place.
 E = Time spent auto-exploring this place.
 F = Levels seen in this place.
 G = Mean time per level.
                   A        B        C        D        E       F      G
               +--------+--------+--------+--------+--------+-----+--------+
         Total |  15841 |  15274 |    567 |   4443 |   8652 |  14 | 1131.5 |
       Dungeon |  14305 |  13779 |    526 |   3751 |   8185 |  12 | 1192.1 |
        Temple |     98 |     57 |     41 |      0 |     48 |   1 |   98.0 |
         Sewer |   1438 |   1438 |      0 |    692 |    419 |   1 | 1438.0 |
               +--------+--------+--------+--------+--------+-----+--------+

Top non-repeatable levels by time:
     D:9: 2552 daAuts
    D:10: 1832 daAuts
     D:7: 1777 daAuts
     D:8: 1548 daAuts
   Sewer: 1438 daAuts
     D:4: 1275 daAuts
     D:5: 1190 daAuts
     D:2: 1083 daAuts
     D:6: 932 daAuts
     D:1: 794 daAuts
     D:3: 724 daAuts
    D:11: 577 daAuts
  Temple: 98 daAuts
    D:12: 15 daAuts
